 Dungeon Crawl Stone Soup version 0.32-a0-995-gb4a59205af (webtiles) character file.

Game seed: 7078612905099094095

4 horus123 the Firebug (level 1, -1/13 HPs)
             Began as a Demonspawn Fire Elementalist on Apr 22, 2024.
             Slain by a kobold
             ... wielding a +0 short sword of venom
              (3 damage)
             ... on level 1 of the Dungeon.
             The game lasted 00:00:45 (111 turns).

horus123 the Firebug (Demonspawn Fire Elementalist)  Turns: 111, Time: 00:00:45

Health: -1/13      AC:  2    Str:  8    XL:     1   Next: 50%
Magic:  0/3        EV: 11    Int: 15    God:
Gold:   7          SH:  0    Dex: 13    Spells: 3/4 levels left

rFire   . . .        (no weapon)
rCold   . . .        (no shield)
rNeg    . . .        a - +0 robe
rPois   .            (no helmet)
rElec   .            (no cloak)
rCorr   .            (no gloves)
SInv    .            (no boots)
Will    .....        (no amulet)
Stlth   ++           (no ring)
HPRegen 0.22/turn    (no ring)
MPRegen 0.08/turn

%: no passive effects
@: no status effects
A: no striking features
a: no special abilities


You were on level 1 of the Dungeon.
You visited 1 branch of the dungeon, and saw 1 of its levels.

You collected 7 gold pieces.

Inventory:

Armour
 a - a +0 robe (worn)
Potions
 b - a potion of magic


   Skills:
 - Level 1.7 Dodging
 - Level 1.7 Stealth
 + Level 2.3 Spellcasting
 - Level 1.0 Conjurations
 - Level 2.6 Fire Magic


You had 3 spell levels left.
You knew the following spells:

 Your Spells              Type           Power      Damage    Failure   Level
a - Foxfire               Conj/Fire      28%        2x1d5     10%         1

Your spell library contained the following spells:

 Spells                   Type           Power      Damage    Failure   Level
 Scorch                   Fire           18%        2d5       11%         2
 Inner Flame              Hex/Fire       5%         N/A       36%         3
 Volatile Blastmotes      Fire/Tloc      10%        2d10      36%         3
 Flame Wave               Conj/Fire      7%         2d5       69%         4


Dungeon Overview and Level Annotations

Branches:
Dungeon (1/15)

Altars:

Shops:
D:1 [


Message History

Casting: Foxfire (safe; 11% risk of failure)
Press: ? - help, Q - select action Dir - look around, f - activate You conjure some foxfire!
The dart slug launches a dart at you. The slug dart hits you.
Unknown command.
The foxfire hits the dart slug.
You kill the dart slug!
Your foxfire dissipates!
HP restored.
Magic restored.
Found Qyla's Antique Armour Shop.
There is an entrance to Qyla's Antique Armour Shop here.
A hobgoblin comes into view.
The hobgoblin shouts!
You hear a shout!
Casting: Foxfire (safe; 11% risk of failure)
Press: ? - help, Q - select action Dir - look around, f - activate You conjure some foxfire!
The hobgoblin hits you.
The foxfire hits the hobgoblin.
The hobgoblin is severely wounded.
The hobgoblin hits you.
Casting: Foxfire (safe; 11% risk of failure)
Press: ? - help, Q - select action Dir - look around, f - activate You conjure some foxfire!
The hobgoblin hits you.
Unknown command.
The foxfire hits the hobgoblin.
The hobgoblin is almost dead.
The hobgoblin barely misses you.
A kobold comes into view.
It is wielding a +0 short sword of venom.
Casting: Foxfire (safe; 11% risk of failure)
Press: ? - help, Q - select action Dir - look around, f - activate You conjure some foxfire!
The hobgoblin hits you.
* * * LOW HITPOINT WARNING * * *
The foxfire hits the hobgoblin.
You kill the hobgoblin!
The kobold hits you with a +0 short sword of venom.
You die...

.# ##.# ...# #..#
#..## #... ######K#
#....@.# #.
##.###### #.##...##
###.#.....#
#.........∩####.#
##.##............#
......##...#######
#.##............
#.##.##..##########


You could see a kobold.

Vanquished Creatures
  A dart slug (D:1)
  A hobgoblin (D:1)
2 creatures vanquished.

Vanquished Creatures (others)
  8 foxfires (D:1)
8 creatures vanquished.

Grand Total: 10 creatures vanquished

Notes
Turn   | Place    | Note
-------+----------+-------------------------------------------
     0 | D:1      | horus123 the Demonspawn Fire Elementalist began the quest
                  | for the Orb.
     0 | D:1      | Reached XP level 1. HP: 13/13 MP: 3/3
    90 | D:1      | Found Qyla's Antique Armour Shop.
   111 | D:1      | Slain by a kobold

Illustrated notes

Levels and vault maps discovered:
D:1:      amcnicky_arrival_feature_with_door, layout_loops_ring, serial_shops,
          shop

Action                     || total
---------------------------++-------
   Cast: Foxfire           ||     6
 Armour: Robe              ||     7
  Dodge: Dodged            ||     2

Table legend: (Time is in decaauts)
 A = Elapsed time spent in this place.
 B = Non-inter-level travel time spent in this place.
 C = Inter-level travel time spent in this place.
 D = Time resting spent in this place.
 E = Time spent auto-exploring this place.
 F = Levels seen in this place.
 G = Mean time per level.
                   A        B        C        D        E       F      G
               +--------+--------+--------+--------+--------+-----+--------+
         Total |    111 |    111 |      0 |      0 |     82 |   1 |  111.0 |
       Dungeon |    111 |    111 |      0 |      0 |     82 |   1 |  111.0 |
               +--------+--------+--------+--------+--------+-----+--------+

Top non-repeatable levels by time:
     D:1: 111 daAuts
